Workbook

Sheet 法適用_下水道事業
B2: 経営比較分析表（令和元年度決算）
B6: =データ!H6 -> 千葉県 柏市
B7: 業務名 | I7: 業種名 | P7: 事業名 | W7: 類似団体区分 | AD7: 管理者の情報 | AL7: 人口（人） | AT7: 面積(km2) | BB7: 人口密度(人/km2) | BL7: グラフ凡例
B8: =データ!I6 -> 法適用 | I8: =データ!J6 -> 下水道事業 | P8: =データ!K6 -> 特定環境保全公共下水道 | W8: =データ!L6 -> D2 | AD8: =データ!$M$6 -> 非設置 | AL8: =データ!S6 -> 424920 | AT8: =データ!T6 -> 114.74 | BB8: =データ!U6 -> 3703.33 | BL8: ■ | BN8: 当該団体値（当該値）
B9: 資金不足比率(％) | I9: 自己資本構成比率(％) | P9: 普及率(％) | W9: 有収率(％) | AD9: 1か月20ｍ3当たり家庭料金(円) | AL9: 処理区域内人口(人) | AT9: 処理区域面積(km2) | BB9: 処理区域内人口密度(人/km2) | BL9: － | BN9: 類似団体平均値（平均値）
B10: =データ!N6 -> - | I10: =データ!O6 -> 81.29 | P10: =データ!P6 -> 0.32 | W10: =データ!Q6 -> 79.55 | AD10: =データ!R6 -> 2357 | AL10: =データ!V6 -> 1353 | AT10: =データ!W6 -> 1.44 | BB10: =データ!X6 -> 939.58 | BL10: 【】 | BN10: 令和元年度全国平均
BL11: 分析欄
B14: 1. 経営の健全性・効率性 | BL14: 1. 経営の健全性・効率性について
BL16: 柏市における令和元年度時点の特定環境公共下水道の管渠延長は，全体の０．７％であり，対象区域の環境保全を目的に実施している。対象区域は市街化調整区域であり，その運営状況に大規模な変化は予測されていない。 経営状況としては，経常収支比率及び経費回収率共に適正な水準を保っており，経営状況は安定している。
BL45: 2. 老朽化の状況について
BL47: 平成７年に供用開始されたこともあり，現在のところ老朽化の問題には直面していない。 ストックマネジメント計画に則り，適切に管理していく。
B60: 2. 老朽化の状況
BL64: 全体総括
BL66: 事業の性質上，地域の環境変化を踏まえつつ運営してゆくことが重要である。 経常費用の圧縮などを行い，引き続き安定運営を心掛けたい。
C83: ※ 「経常収支比率」、「累積欠損金比率」、「流動比率」、「有形固定資産減価償却率」及び「管渠老朽化率」については、法非適用企業では算出できないため、法適用企業のみの類似団体平均値及び全国平均を算出しています。
B84: 全国平均 | E84: 1① | F84: 1② | G84: 1③ | H84: 1④ | I84: 1⑤ | J84: 1⑥ | K84: 1⑦ | L84: 1⑧ | M84: 2① | N84: 2② | O84: 2③
E85: =データ!AI6 -> 【102.87】 | F85: =データ!AT6 -> 【76.63】 | G85: =データ!BE6 -> 【49.61】 | H85: =データ!BP6 -> 【1,218.70】 | I85: =データ!CA6 -> 【74.17】 | J85: =データ!CL6 -> 【218.56】 | K85: =データ!CW6 -> 【42.86】 | L85: =データ!DH6 -> 【84.20】 | M85: =データ!DS6 -> 【25.37】 | N85: =データ!ED6 -> 【6.20】 | O85: =データ!EO6 -> 【0.28】

Sheet データ
A1: 下水道事業(法適用) | Y1: 1 | Z1: 1 | AA1: 1 | AB1: 1 | AC1: 1 | AD1: 1 | AE1: 1 | AF1: 1 | AG1: 1 | AH1: 1 | AJ1: 1 | AK1: 1 | AL1: 1 | AM1: 1 | AN1: 1 | AO1: 1 | AP1: 1 | AQ1: 1 | AR1: 1 | AS1: 1 | AU1: 1 | AV1: 1 | AW1: 1 | AX1: 1 | AY1: 1 | AZ1: 1 | BA1: 1 | BB1: 1 | BC1: 1 | BD1: 1 | BF1: 1 | BG1: 1 | BH1: 1 | BI1: 1 | BJ1: 1 | BK1: 1 | BL1: 1 | BM1: 1 | BN1: 1 | BO1: 1 | BQ1: 1 | BR1: 1 | BS1: 1 | BT1: 1 | BU1: 1 | BV1: 1 | BW1: 1 | BX1: 1 | BY1: 1 | BZ1: 1 | CB1: 1 | CC1: 1 | CD1: 1 | CE1: 1 | CF1: 1 | CG1: 1 | CH1: 1 | CI1: 1 | CJ1: 1 | CK1: 1 | CM1: 1 | CN1: 1 | CO1: 1 | CP1: 1 | CQ1: 1 | CR1: 1 | CS1: 1 | CT1: 1 | CU1: 1 | CV1: 1 | CX1: 1 | CY1: 1 | CZ1: 1 | DA1: 1 | DB1: 1 | DC1: 1 | DD1: 1 | DE1: 1 | DF1: 1 | DG1: 1 | DI1: 1 | DJ1: 1 | DK1: 1 | DL1: 1 | DM1: 1 | DN1: 1 | DO1: 1 | DP1: 1 | DQ1: 1 | DR1: 1 | DT1: 1 | DU1: 1 | DV1: 1 | DW1: 1 | DX1: 1 | DY1: 1 | DZ1: 1 | EA1: 1 | EB1: 1 | EC1: 1 | EE1: 1 | EF1: 1 | EG1: 1 | EH1: 1 | EI1: 1 | EJ1: 1 | EK1: 1 | EL1: 1 | EM1: 1 | EN1: 1
A2: 項番 | B2: =COLUMN()-1 -> 1 | C2: =COLUMN()-1 -> 2 | D2: =COLUMN()-1 -> 3 | E2: =COLUMN()-1 -> 4 | F2: =COLUMN()-1 -> 5 | G2: =COLUMN()-1 -> 6 | H2: =COLUMN()-1 -> 7 | I2: =COLUMN()-1 -> 8 | ... EO2: =COLUMN()-1 -> 144
A3: 大項目 | B3: 年度 | C3: 団体CD | D3: 業務CD | E3: 業種CD | F3: 事業CD | G3: 施設CD | H3: 基本情報 | Y3: 1. 経営の健全性・効率性 | DI3: 2. 老朽化の状況
A4: 中項目 | Y4: ①経常収支比率(％) | AJ4: ②累積欠損金比率(％) | AU4: ③流動比率(％) | BF4: ④企業債残高対事業規模比率(％) | BQ4: ⑤経費回収率(％) | CB4: ⑥汚水処理原価(円) | CM4: ⑦施設利用率(％) | CX4: ⑧水洗化率(％) | DI4: ①有形固定資産減価償却率(％) | DT4: ②管渠老朽化率(％) | EE4: ③管渠改善率(％)
A5: 小項目 | H5: 都道府県名 | I5: 法適・法非適 | J5: 業種名称 | K5: 事業名称 | L5: 類似団体 | M5: 管理者の情報 | N5: 資金不足比率 | O5: 自己資本構成比率 | P5: 普及率 | Q5: 有収率 | R5: 1ヶ月20㎥当たり家庭料金 | S5: 人口 | T5: 面積 | U5: 人口密度 | V5: 処理区域内人口 | W5: 処理区域面積 | X5: 処理区域内人口密度 | Y5: 比率(N-4) | Z5: 比率(N-3) | AA5: 比率(N-2) | AB5: 比率(N-1) | AC5: 比率(N) | AD5: 類似団体平均(N-4) | AE5: 類似団体平均(N-3) | AF5: 類似団体平均(N-2) | AG5: 類似団体平均(N-1) | AH5: 類似団体平均(N) | AI5: 全国平均 | AJ5: 比率(N-4) | AK5: 比率(N-3) | AL5: 比率(N-2) | AM5: 比率(N-1) | AN5: 比率(N) | AO5: 類似団体平均(N-4) | AP5: 類似団体平均(N-3) | AQ5: 類似団体平均(N-2) | AR5: 類似団体平均(N-1) | AS5: 類似団体平均(N) | AT5: 全国平均 | AU5: 比率(N-4) | AV5: 比率(N-3) | AW5: 比率(N-2) | AX5: 比率(N-1) | AY5: 比率(N) | AZ5: 類似団体平均(N-4) | BA5: 類似団体平均(N-3) | BB5: 類似団体平均(N-2) | BC5: 類似団体平均(N-1) | BD5: 類似団体平均(N) | BE5: 全国平均 | BF5: 比率(N-4) | BG5: 比率(N-3) | BH5: 比率(N-2) | BI5: 比率(N-1) | BJ5: 比率(N) | BK5: 類似団体平均(N-4) | BL5: 類似団体平均(N-3) | BM5: 類似団体平均(N-2) | BN5: 類似団体平均(N-1) | BO5: 類似団体平均(N) | BP5: 全国平均 | BQ5: 比率(N-4) | BR5: 比率(N-3) | BS5: 比率(N-2) | BT5: 比率(N-1) | BU5: 比率(N) | BV5: 類似団体平均(N-4) | BW5: 類似団体平均(N-3) | BX5: 類似団体平均(N-2) | BY5: 類似団体平均(N-1) | BZ5: 類似団体平均(N) | CA5: 全国平均 | CB5: 比率(N-4) | CC5: 比率(N-3) | CD5: 比率(N-2) | CE5: 比率(N-1) | CF5: 比率(N) | CG5: 類似団体平均(N-4) | CH5: 類似団体平均(N-3) | CI5: 類似団体平均(N-2) | CJ5: 類似団体平均(N-1) | CK5: 類似団体平均(N) | CL5: 全国平均 | CM5: 比率(N-4) | CN5: 比率(N-3) | CO5: 比率(N-2) | CP5: 比率(N-1) | CQ5: 比率(N) | CR5: 類似団体平均(N-4) | CS5: 類似団体平均(N-3) | CT5: 類似団体平均(N-2) | CU5: 類似団体平均(N-1) | CV5: 類似団体平均(N) | CW5: 全国平均 | CX5: 比率(N-4) | CY5: 比率(N-3) | CZ5: 比率(N-2) | DA5: 比率(N-1) | DB5: 比率(N) | DC5: 類似団体平均(N-4) | DD5: 類似団体平均(N-3) | DE5: 類似団体平均(N-2) | DF5: 類似団体平均(N-1) | DG5: 類似団体平均(N) | DH5: 全国平均 | DI5: 比率(N-4) | DJ5: 比率(N-3) | DK5: 比率(N-2) | DL5: 比率(N-1) | DM5: 比率(N) | DN5: 類似団体平均(N-4) | DO5: 類似団体平均(N-3) | DP5: 類似団体平均(N-2) | DQ5: 類似団体平均(N-1) | DR5: 類似団体平均(N) | DS5: 全国平均 | DT5: 比率(N-4) | DU5: 比率(N-3) | DV5: 比率(N-2) | DW5: 比率(N-1) | DX5: 比率(N) | DY5: 類似団体平均(N-4) | DZ5: 類似団体平均(N-3) | EA5: 類似団体平均(N-2) | EB5: 類似団体平均(N-1) | EC5: 類似団体平均(N) | ED5: 全国平均 | EE5: 比率(N-4) | EF5: 比率(N-3) | EG5: 比率(N-2) | EH5: 比率(N-1) | EI5: 比率(N) | EJ5: 類似団体平均(N-4) | EK5: 類似団体平均(N-3) | EL5: 類似団体平均(N-2) | EM5: 類似団体平均(N-1) | EN5: 類似団体平均(N) | EO5: 全国平均
A6: 参照用 | B6: =B7 -> 2019 | C6: =C7 -> 122173 | D6: =D7 -> 46 | E6: =E7 -> 17 | F6: =F7 -> 4 | G6: =G7 -> 0 | H6: =H7 -> 千葉県 柏市 | I6: =I7 -> 法適用 | ... X6: =X7 -> 939.58 | Y6: =IF(Y7="",NA(),Y7) -> 184.59 | Z6: =IF(Z7="",NA(),Z7) -> 161.53 | AA6: =IF(AA7="",NA(),AA7) -> 161.82 | AB6: =IF(AB7="",NA(),AB7) -> 166.64 | AC6: =IF(AC7="",NA(),AC7) -> 179.12 | AD6: =IF(AD7="",NA(),AD7) -> 100.94 | AE6: =IF(AE7="",NA(),AE7) -> 100.85 | AF6: =IF(AF7="",NA(),AF7) -> 102.13 | ... AH6: =IF(AH7="",NA(),AH7) -> 102.73 | AI6: =IF(AI7="","",IF(AI7="-","【-】","【"&SUBSTITUTE(TEXT(AI7,"#,##0.00"),"-","△")&"】")) -> 【102.87】 | AJ6: =IF(AJ7="",NA(),AJ7) -> 0 | AK6: =IF(AK7="",NA(),AK7) -> 0 | AL6: =IF(AL7="",NA(),AL7) -> 0 | AM6: =IF(AM7="",NA(),AM7) -> 0 | AN6: =IF(AN7="",NA(),AN7) -> 0 | AO6: =IF(AO7="",NA(),AO7) -> 101.85 | AP6: =IF(AP7="",NA(),AP7) -> 110.77 | AQ6: =IF(AQ7="",NA(),AQ7) -> 109.51 | ... AS6: =IF(AS7="",NA(),AS7) -> 94.97 | AT6: =IF(AT7="","",IF(AT7="-","【-】","【"&SUBSTITUTE(TEXT(AT7,"#,##0.00"),"-","△")&"】")) -> 【76.63】 | AU6: =IF(AU7="",NA(),AU7) -> 539.83 | AV6: =IF(AV7="",NA(),AV7) -> 619.76 | AW6: =IF(AW7="",NA(),AW7) -> 823.94 | AX6: =IF(AX7="",NA(),AX7) -> 990.78 | AY6: =IF(AY7="",NA(),AY7) -> 1127.63 | AZ6: =IF(AZ7="",NA(),AZ7) -> 49.07 | BA6: =IF(BA7="",NA(),BA7) -> 46.78 | BB6: =IF(BB7="",NA(),BB7) -> 47.44 | ... BD6: =IF(BD7="",NA(),BD7) -> 47.72 | BE6: =IF(BE7="","",IF(BE7="-","【-】","【"&SUBSTITUTE(TEXT(BE7,"#,##0.00"),"-","△")&"】")) -> 【49.61】 | BF6: =IF(BF7="",NA(),BF7) -> 404.3 | BG6: =IF(BG7="",NA(),BG7) -> 394.93 | BH6: =IF(BH7="",NA(),BH7) -> 363.03 | BI6: =IF(BI7="",NA(),BI7) -> 334.51 | BJ6: =IF(BJ7="",NA(),BJ7) -> 266 | BK6: =IF(BK7="",NA(),BK7) -> 1434.89 | BL6: =IF(BL7="",NA(),BL7) -> 1298.91 | BM6: =IF(BM7="",NA(),BM7) -> 1243.71 | ... BO6: =IF(BO7="",NA(),BO7) -> 1206.79 | BP6: =IF(BP7="","",IF(BP7="-","【-】","【"&SUBSTITUTE(TEXT(BP7,"#,##0.00"),"-","△")&"】")) -> 【1,218.70】 | BQ6: =IF(BQ7="",NA(),BQ7) -> 221.92 | BR6: =IF(BR7="",NA(),BR7) -> 187.76 | BS6: =IF(BS7="",NA(),BS7) -> 188.41 | BT6: =IF(BT7="",NA(),BT7) -> 177.84 | BU6: =IF(BU7="",NA(),BU7) -> 192.84 | BV6: =IF(BV7="",NA(),BV7) -> 66.22 | BW6: =IF(BW7="",NA(),BW7) -> 69.87 | BX6: =IF(BX7="",NA(),BX7) -> 74.3 | ... BZ6: =IF(BZ7="",NA(),BZ7) -> 71.84 | CA6: =IF(CA7="","",IF(CA7="-","【-】","【"&SUBSTITUTE(TEXT(CA7,"#,##0.00"),"-","△")&"】")) -> 【74.17】 | CB6: =IF(CB7="",NA(),CB7) -> 114.71 | CC6: =IF(CC7="",NA(),CC7) -> 135.04 | CD6: =IF(CD7="",NA(),CD7) -> 127.52 | CE6: =IF(CE7="",NA(),CE7) -> 149.64 | CF6: =IF(CF7="",NA(),CF7) -> 137.59 | CG6: =IF(CG7="",NA(),CG7) -> 246.72 | CH6: =IF(CH7="",NA(),CH7) -> 234.96 | CI6: =IF(CI7="",NA(),CI7) -> 221.81 | ... CK6: =IF(CK7="",NA(),CK7) -> 228.47 | CL6: =IF(CL7="","",IF(CL7="-","【-】","【"&SUBSTITUTE(TEXT(CL7,"#,##0.00"),"-","△")&"】")) -> 【218.56】 | CM6: =IF(CM7="",NA(),CM7) -> - | CN6: =IF(CN7="",NA(),CN7) -> - | CO6: =IF(CO7="",NA(),CO7) -> - | CP6: =IF(CP7="",NA(),CP7) -> - | CQ6: =IF(CQ7="",NA(),CQ7) -> - | CR6: =IF(CR7="",NA(),CR7) -> 41.35 | CS6: =IF(CS7="",NA(),CS7) -> 42.9 | CT6: =IF(CT7="",NA(),CT7) -> 43.36 | ... CV6: =IF(CV7="",NA(),CV7) -> 42.47 | CW6: =IF(CW7="","",IF(CW7="-","【-】","【"&SUBSTITUTE(TEXT(CW7,"#,##0.00"),"-","△")&"】")) -> 【42.86】 | CX6: =IF(CX7="",NA(),CX7) -> 100 | CY6: =IF(CY7="",NA(),CY7) -> 100 | CZ6: =IF(CZ7="",NA(),CZ7) -> 97.8 | DA6: =IF(DA7="",NA(),DA7) -> 100 | DB6: =IF(DB7="",NA(),DB7) -> 100 | DC6: =IF(DC7="",NA(),DC7) -> 82.9 | DD6: =IF(DD7="",NA(),DD7) -> 83.5 | DE6: =IF(DE7="",NA(),DE7) -> 83.06 | ... DG6: =IF(DG7="",NA(),DG7) -> 83.75 | DH6: =IF(DH7="","",IF(DH7="-","【-】","【"&SUBSTITUTE(TEXT(DH7,"#,##0.00"),"-","△")&"】")) -> 【84.20】 | DI6: =IF(DI7="",NA(),DI7) -> 5.23 | DJ6: =IF(DJ7="",NA(),DJ7) -> 7.76 | DK6: =IF(DK7="",NA(),DK7) -> 7.76 | DL6: =IF(DL7="",NA(),DL7) -> 9.92 | DM6: =IF(DM7="",NA(),DM7) -> 15.45 | DN6: =IF(DN7="",NA(),DN7) -> 22.79 | DO6: =IF(DO7="",NA(),DO7) -> 22.77 | DP6: =IF(DP7="",NA(),DP7) -> 23.93 | ... DR6: =IF(DR7="",NA(),DR7) -> 24.68 | DS6: =IF(DS7="","",IF(DS7="-","【-】","【"&SUBSTITUTE(TEXT(DS7,"#,##0.00"),"-","△")&"】")) -> 【25.37】 | DT6: =IF(DT7="",NA(),DT7) -> 0 | DU6: =IF(DU7="",NA(),DU7) -> 0 | DV6: =IF(DV7="",NA(),DV7) -> 0 | DW6: =IF(DW7="",NA(),DW7) -> 0 | DX6: =IF(DX7="",NA(),DX7) -> 0 | DY6: =IF(DY7="",NA(),DY7) -> 0.04 | DZ6: =IF(DZ7="",NA(),DZ7) -> 0 | EA6: =IF(EA7="",NA(),EA7) -> 0 | ... EC6: =IF(EC7="",NA(),EC7) -> 8.62 | ED6: =IF(ED7="","",IF(ED7="-","【-】","【"&SUBSTITUTE(TEXT(ED7,"#,##0.00"),"-","△")&"】")) -> 【6.20】 | EE6: =IF(EE7="",NA(),EE7) -> 0 | EF6: =IF(EF7="",NA(),EF7) -> 0 | EG6: =IF(EG7="",NA(),EG7) -> 0 | EH6: =IF(EH7="",NA(),EH7) -> 0 | EI6: =IF(EI7="",NA(),EI7) -> 0 | EJ6: =IF(EJ7="",NA(),EJ7) -> 0.07 | EK6: =IF(EK7="",NA(),EK7) -> 0.09 | EL6: =IF(EL7="",NA(),EL7) -> 0.09 | ... EN6: =IF(EN7="",NA(),EN7) -> 0.36 | EO6: =IF(EO7="","",IF(EO7="-","【-】","【"&SUBSTITUTE(TEXT(EO7,"#,##0.00"),"-","△")&"】")) -> 【0.28】
B7: 2019 | C7: 122173 | D7: 46 | E7: 17 | F7: 4 | G7: 0 | H7: 千葉県 柏市 | I7: 法適用 | J7: 下水道事業 | K7: 特定環境保全公共下水道 | L7: D2 | M7: 非設置 | N7: - | O7: 81.29 | P7: 0.32 | Q7: 79.55 | R7: 2357 | S7: 424920 | T7: 114.74 | U7: 3703.33 | V7: 1353 | W7: 1.44 | X7: 939.58 | Y7: 184.59 | Z7: 161.53 | AA7: 161.82 | AB7: 166.64 | AC7: 179.12 | AD7: 100.94 | AE7: 100.85 | AF7: 102.13 | AG7: 101.72 | AH7: 102.73 | AI7: 102.87 | AJ7: 0 | AK7: 0 | AL7: 0 | AM7: 0 | AN7: 0 | AO7: 101.85 | AP7: 110.77 | AQ7: 109.51 | AR7: 112.88 | AS7: 94.97 | AT7: 76.63 | AU7: 539.83 | AV7: 619.76 | AW7: 823.94 | AX7: 990.78 | AY7: 1127.63 | AZ7: 49.07 | BA7: 46.78 | BB7: 47.44 | BC7: 49.18 | BD7: 47.72 | BE7: 49.61 | BF7: 404.3 | BG7: 394.93 | BH7: 363.03 | BI7: 334.51 | BJ7: 266 | BK7: 1434.89 | BL7: 1298.91 | BM7: 1243.71 | BN7: 1194.15 | BO7: 1206.79 | BP7: 1218.7 | BQ7: 221.92 | BR7: 187.76 | BS7: 188.41 | BT7: 177.84 | BU7: 192.84 | BV7: 66.22 | BW7: 69.87 | BX7: 74.3 | BY7: 72.26 | BZ7: 71.84 | CA7: 74.17 | CB7: 114.71 | CC7: 135.04 | CD7: 127.52 | CE7: 149.64 | CF7: 137.59 | CG7: 246.72 | CH7: 234.96 | CI7: 221.81 | CJ7: 230.02 | CK7: 228.47 | CL7: 218.56 | CM7: - | CN7: - | CO7: - | CP7: - | CQ7: - | CR7: 41.35 | CS7: 42.9 | CT7: 43.36 | CU7: 42.56 | CV7: 42.47 | CW7: 42.86 | CX7: 100 | CY7: 100 | CZ7: 97.8 | DA7: 100 | DB7: 100 | DC7: 82.9 | DD7: 83.5 | DE7: 83.06 | DF7: 83.32 | DG7: 83.75 | DH7: 84.2 | DI7: 5.23 | DJ7: 7.76 | DK7: 7.76 | DL7: 9.92 | DM7: 15.45 | DN7: 22.79 | DO7: 22.77 | DP7: 23.93 | DQ7: 24.68 | DR7: 24.68 | DS7: 25.37 | DT7: 0 | DU7: 0 | DV7: 0 | DW7: 0 | DX7: 0 | DY7: 0.04 | DZ7: 0 | EA7: 0 | EB7: 0.01 | EC7: 8.62 | ED7: 6.2 | EE7: 0 | EF7: 0 | EG7: 0 | EH7: 0 | EI7: 0 | EJ7: 0.07 | EK7: 0.09 | EL7: 0.09 | EM7: 0.13 | EN7: 0.36 | EO7: 0.28
B9: Ｎ－４年度 | C9: Ｎ－３年度 | D9: Ｎ－２年度 | E9: Ｎ－１年度 | F9: Ｎ年度
A10: 年度 | B10: =DATEVALUE($B7+12-B11&"/1/"&B12) -> 46388 | C10: =DATEVALUE($B7+12-C11&"/1/"&C12) -> 46753 | D10: =DATEVALUE($B7+12-D11&"/1/"&D12) -> 47119 | E10: =DATEVALUE($B7+12-E11&"/1/"&E12) -> 47484 | F10: =DATEVALUE($B7+12-F11&"/1/"&F12) -> 47849
B11: 4 | C11: 3 | D11: 2 | E11: 1 | F11: 0 | G11: ←年数補正
B12: 1 | C12: 1 | D12: 1 | E12: 1 | F12: 1 | G12: ←日数補正
B13: "H"yy | C13: "H"yy | D13: "H"yy | E13: "H"yy | F13: "R"dd | G13: ←書式設定
